 Dungeon Crawl Stone Soup version 0.31-a0-128-g25add195a6 (webtiles) character file.

Game seed: 11035520813734580640

1348 senseless the Trooper (level 8, -15/76 HPs)
             Began as a Naga Fighter on June 1, 2023.
             Was an Initiate of Okawaru.
             Demolished by Grum
             ... wielding a -1 glaive
              (19 damage)
             ... on level 8 of the Dungeon.
             The game lasted 00:13:17 (5633 turns).

senseless the Trooper (Naga Fighter)                Turns: 5633, Time: 00:13:19

Health: -15/76     AC:  8    Str: 20    XL:     8   Next: 63%
Magic:  8/8        EV:  5    Int:  9    God:    Okawaru [......]
Gold:   298        SH: 10    Dex: 11    Spells: 7/7 levels left

rFire   . . .        a - +0 war axe
rCold   . . .        c - +0 buckler
rNeg    . . .        z - +0 chain mail
rPois   +            (helmet restricted)
rElec   .            (no cloak)
rCorr   .            (no gloves)
SInv    +            (no barding)
Will    ++...        C - amulet of reflection Stlth
                     g - ring of flight
HPRegen 0.32/turn    (no ring)
MPRegen 0.11/turn

%: random rage (3%), reflection
@: enlightened, flying, very slow
A: AC +2, large, see invisible, deformed body, poison resistance, slowness 2,
spit poison 1, naga tail 1, horns 1, berserk 1, wild magic 1
a: Spit Poison, Renounce Religion


You were on level 8 of the Dungeon.
You worshipped Okawaru.
Okawaru was noncommittal.
You visited 2 branches of the dungeon, and saw 8 of its levels.

You collected 298 gold pieces.

Inventory:

Hand Weapons
 a - a +0 war axe (weapon)
 u - a +0 long sword of protection
Missiles
 v - 2 throwing nets
Armour
 b - a +0 scale mail
 c - a +0 buckler (worn)
 z - a +0 chain mail (worn)
 A - an orb of energy
Jewellery
 g - a ring of flight (left hand)
 C - an amulet of reflection (around neck)
Wands
 p - a wand of quicksilver (13)
 r - a wand of iceblast (13)
 s - a wand of mindburst (15)
 w - a wand of paralysis (12)
Scrolls
 e - 2 scrolls of fog {unknown}
 f - 5 scrolls of identify {unknown}
 h - 2 scrolls of enchant armour {unknown}
 i - a scroll of acquirement {unknown}
 j - a scroll of enchant weapon {unknown}
 k - a scroll of magic mapping {unknown}
 l - 2 scrolls of immolation {unknown}
 q - a scroll of poison {unknown}
 t - a scroll of vulnerability {unknown}
 x - a scroll of teleportation {unknown}
 y - a scroll of noise {unknown}
Potions
 d - a potion of might
 m - a potion of enlightenment
 n - 2 potions of mutation
 o - a potion of magic {unknown}
 B - 2 potions of berserk rage {unknown}


   Skills:
 + Level 5.9 Fighting
 + Level 5.5 Axes
 + Level 4.8 Armour
 + Level 5.3 Shields


You had 7 spell levels left.
You didn't know any spells.
Your spell library contained the following spells:

 Spells                   Type           Power      Damage    Failure   Level
 Ozocubu's Armour         Ice            0%         N/A       100%        3
 Portal Projectile        Hex/Tloc       0%         N/A       100%        3
 Blade Hands              Tmut           0%         N/A       100%        5
 Metabolic Englaciation   Hex/Ice        0%         N/A       100%        5
 Tukima's Dance           Hex            Unusable   N/A       N/A         3
 Simulacrum               Ice/Necr       Unusable   N/A       N/A         6

Dungeon Overview and Level Annotations

Branches:
Dungeon (6/15)             Temple (1/1) D:6

Altars:
Dithmenos
Fedhas
Hepliaklqana
Kikubaaqudgha
Okawaru
Qazlal
Sif Muna
Trog
Uskayaw
Vehumet
Wu Jian
Yredelemnul
Zin
The Shining One

Shops:
D:2 :

Annotations:
D:8 Grum


Innate Abilities, Weirdness & Mutations

Your serpentine skin is tough. (AC +2)
You have supernaturally acute eyesight. (SInv)
Armour fits poorly on your strangely shaped body.
Your system is resistant to poisons. (rPois)
You cover ground very slowly.
You can spit poison.
You have a snake-like lower body.
You have a pair of small horns on your head.
You sometimes lose your temper in combat.
Your spells are a little harder to cast, but a little more powerful.


Message History

Found an ornate altar of the Wu Jian Council.
There is an open door here.
A sourceless malevolence fills the Dungeon...
You are sucked into a shaft and drop 2 floors!
The shaft crumbles and collapses.
Found a wand of quicksilver (10).
p - a wand of quicksilver (13) (gained 10 charges)
A wolf comes into view.
The wolf howls!
You hear an angry growl.
You hear a howl! x2
You hear a shout!
Grum the Hunter comes into view.
He is wielding a -1 glaive.
The splash of poison misses the wolf.
The wolf bites you!
A wolf comes into view.
The wolf bites you. You block Grum's attack.
The wolf howls!
You hit the wolf but do no damage.
You hear a shout!
You block the wolf's attack. The wolf bites you but does no damage.
Grum hits you but does no damage.
You barely miss the wolf.
You headbutt the wolf, but do no damage.
You have got your breath back.
The wolf bites you! The wolf bites you.
Grum hits you from afar with a -1 glaive!
The wolf attacks as you move away! You block the wolf's attack. x2
The wolf bites you but does no damage. The wolf bites you.
The wolf bites you but does no damage.
You closely miss the wolf. You hit the wolf. The wolf bites you.
You block the wolf's attack.
Grum hits you from afar with a -1 glaive!!
* * * LOW HITPOINT WARNING * * *
You block the wolf's attack. The wolf bites you.
* * * LOW HITPOINT WARNING * * *
It was a potion of enlightenment.
You feel more buoyant. The wolf bites you.
* * * LOW HITPOINT WARNING * * *
You block the wolf's attack.
Grum hits you from afar with a -1 glaive!!
You die...

## .## #..
##..####
##......
#......
#....g##
#hh## #@..#
##.###
#....###..#
##........#
#........#
#.#.....##
#......##
.#.....#
.........#


You could see Grum and 2 wolves.

Vanquished Creatures
  Menkaure (D:5)
  A sky beast (D:6)
  A black bear (D:4)
  An ice beast (D:6)
  A centaur (D:6)
  A phantom (D:6)
  2 bullfrogs (D:6)
  A scorpion (D:5)
  A howler monkey (D:5)
  A jelly (D:6)
  4 hounds
  A gnoll bouda (D:6)
  4 iguanas
  Natasha (thrice) (D:4)
  An orc wizard (D:6)
  4 gnolls (D:6)
  6 adders
  A shadow imp (D:5)
  2 white imps
  An ufetubus (D:4)
  A worm (D:2)
  2 dart slugs (D:2)
  4 orcs
  8 bats
  9 endoplasms
  2 giant cockroaches
  3 goblins
  5 hobgoblins
  4 jackals
  3 quokkas
  8 ball pythons
  3 frilled lizards
  10 kobolds
  4 rats
104 creatures vanquished.

Notes
Turn   | Place    | Note
-------+----------+-------------------------------------------
     0 | D:1      | senseless the Naga Fighter began the quest for the Orb.
     0 | D:1      | Reached XP level 1. HP: 21/21 MP: 1/1
   262 | D:1      | Reached XP level 2. HP: 26/28 MP: 2/2
   783 | D:2      | Reached XP level 3. HP: 28/34 MP: 3/3
  1269 | D:2      | Found Kojiav's Book Shop.
  1596 | D:3      | Reached XP level 4. HP: 42/42 MP: 4/4
  1699 | D:3      | Found a faded altar of an unknown god.
  2322 | D:4      | Gained mutation: You sometimes lose your temper in combat.
                  | [potion of mutation]
  2322 | D:4      | Gained mutation: Your spells are a little harder to cast,
                  | but a little more powerful. [potion of mutation]
  2322 | D:4      | Gained mutation: You have a pair of small horns on your
                  | head. [potion of mutation]
  2459 | D:4      | Noticed a black bear
  2466 | D:4      | Killed a black bear
  2467 | D:4      | Reached XP level 5. HP: 50/50 MP: 5/5
  2474 | D:4      | Noticed Natasha
  2485 | D:4      | Killed Natasha
  2486 | D:4      | Reached XP level 6. HP: 49/57 MP: 6/6
  2586 | D:4      | Noticed Natasha
  2595 | D:4      | Killed Natasha
  2713 | D:4      | Found an ancient bone altar of Kikubaaqudgha.
  2750 | D:4      | Found a radiant altar of Vehumet.
  2918 | D:4      | Noticed Natasha
  2923 | D:4      | Killed Natasha
  3078 | D:5      | Entered Level 5 of the Dungeon
  3336 | D:5      | Reached XP level 7. HP: 37/66 MP: 7/7
  4032 | D:5      | Noticed Menkaure
  4039 | D:5      | Killed Menkaure
  4543 | D:6      | Noticed a +0 falchion
  4543 | D:6      | Noticed a +0 spear
  4543 | D:6      | Noticed a +0 short sword
  4543 | D:6      | Noticed a +0 dagger
  4545 | D:6      | Noticed a +0 spear
  4545 | D:6      | Noticed a +0 dagger
  4564 | D:6      | Found a hide-covered altar of Uskayaw.
  4572 | D:6      | Reached skill level 5 in Fighting
  4885 | D:6      | Reached XP level 8. HP: 59/74 MP: 8/8
  5010 | D:6      | Reached skill level 5 in Axes
  5032 | D:6      | Found a blossoming altar of Fedhas.
  5040 | D:6      | Reached skill level 5 in Shields
  5054 | D:6      | Found a stormy altar of Qazlal.
  5245 | D:6      | Found a staircase to the Ecumenical Temple.
  5261 | Temple   | Entered the Ecumenical Temple
  5288 | Temple   | Became a worshipper of Warmaster Okawaru
  5516 | D:6      | Found a glowing golden altar of the Shining One.
  5516 | D:6      | Found a shadowy altar of Dithmenos.
  5603 | D:6      | Found a glowing silver altar of Zin.
  5615 | D:6      | Found an ornate altar of the Wu Jian Council.
  5618 | D:6      | You are sucked into a shaft and drop 2 floors!
  5627 | D:8      | Noticed Grum
  5633 | D:8      | Demolished by Grum

Illustrated notes

Levels and vault maps discovered:
D:1:      shiori_arrival_maze, layout_loops_cross
D:2:      layout_basic, serial_shops, nicolae_shop_waterfront, hex_medium,
          minmay_statues_item
D:3:      layout_basic, shapermc_ecumenical_altar_petra, hangedman_glass_teeth
D:4:      layout_basic, mainiacjoe_overflow_large_starburst,
          hangedman_decor_growths, uniq_natasha
D:5:      layout_layer_cave, hangedman_abyss_or_decor_slice, uniq_menkaure
D:6:      layout_gridville, grunt_temple_overflow_forces_of_nature,
          nicolae_uskayaw_en_pointe, mainiacjoe_overflow_catwalk,
          overflow_temple_1_default, amethyst_overflow_temple_binary,
          minmay_temple_entry_offerings, minmay_checkerbox
D:8:      minmay_bloctagon, layout_cave_pools,
          mainiacjoe_overflow_six_doors_small, uniq_grum
Temple:   nicolae_temple_ecumenical_triangle

Skill      XL: |  1  2  3  4  5  6  7  8 |
---------------+-------------------------+-----
Shields        | 3 4 5 |  5.3
Axes           | 3 4 5 |  5.5
Armour         | 3 4 |  4.8
Fighting       | 4 5 |  5.9

Action                     |  1- 3 |  4- 6 |  7- 9 || total
---------------------------+-------+-------+-------++-------
  Melee: War axe           |    74 |    84 |   100 ||   258
         Headbutt          |       |     8 |    18 ||    26
Ability: Spit Poison       |    35 |    31 |    24 ||    90
    Use: Potion            |       |     3 |     1 ||     4
 Armour: Scale mail        |    38 |    52 |    28 ||   118
         Chain mail        |       |       |    30 ||    30
  Dodge: Dodged            |    28 |    47 |    25 ||   100
  Block: Buckler           |    16 |    39 |    33 ||    88
         Reflection        |       |       |     1 ||     1

Table legend: (Time is in decaauts)
 A = Elapsed time spent in this place.
 B = Non-inter-level travel time spent in this place.
 C = Inter-level travel time spent in this place.
 D = Time resting spent in this place.
 E = Time spent auto-exploring this place.
 F = Levels seen in this place.
 G = Mean time per level.
                   A        B        C        D        E       F      G
               +--------+--------+--------+--------+--------+-----+--------+
         Total |   7358 |   7035 |    323 |      8 |   6132 |   8 |  919.8 |
       Dungeon |   7310 |   6996 |    314 |      8 |   6109 |   7 | 1044.3 |
        Temple |     47 |     39 |      8 |      0 |     23 |   1 |   47.0 |
               +--------+--------+--------+--------+--------+-----+--------+

Top non-repeatable levels by time:
     D:5: 1884 daAuts
     D:6: 1312 daAuts
     D:2: 1087 daAuts
     D:4: 1082 daAuts
     D:3: 977 daAuts
     D:1: 947 daAuts
  Temple: 47 daAuts
     D:8: 19 daAuts
